Workbook

Sheet Presupuesto 2026 
A1: APOYO PARA EL FORTALECIMIENTO DE LOS ACTIVOS PRODUCTIVOS RURALES DEL DEPARTAMENTO DE SANTANDER
A3: PRESUPUESTO
A5: 1. ACTIVIDADES A DESARROLLAR
A6: CATEGORIA DE INVERSION | B6: Unidad | C6: Valor Unitario | D6: Cantidad | E6: Valor Total | F6: COSTO TOTAL DEL PROYECTO
A8: 1. Apoyo al sector tabacalero con suministro e instalación de tanque tipo australiano. | B8: UNIDAD | C8: ='1.Apoyo Tanque '!K49 -> 0 | D8: 156 | E8: =D8*C8 -> 0 | F8: =E8 -> 0
A9: 2. Apoyo al sector Tabacalero con suministro e instalación de sistema de canalización de aguas. | B9: Actividad | C9: ='2. Apoyo Canalización '!K45 -> 0 | D9: 156 | E9: =D9*C9 -> 0 | F9: =E9 -> 0
A10: COSTO TOTAL DIRECTO | E10: =SUM(E8:E9) -> 0 | F10: =SUM(F8:F9) -> 0
A12: COSTO TOTAL | F12: =F10 -> 0
A13: Los costos del Proyecto estan soportados por estudios economicos del Departamento de Planeacion Nacional DNP y estudio del Sector

Sheet 1.Apoyo Tanque 
B6: ANÁLISIS DE PRECIOS UNITARIOS
B8: PROYECTO: | D8: ='Presupuesto 2026 '!A1 -> APOYO PARA EL FORTALECIMIENTO DE LOS ACTIVOS PRODUCTIVOS RURALES DEL DEPARTAMENTO DE SANTANDER
B9: CAPITULO: | C9: 1 | D9: ='Presupuesto 2026 '!A8 -> 1. Apoyo al sector tabacalero con suministro e instalación de tanque tipo australiano. | K9: UNIDAD
B10: ITEM: | C10: 1 | K10: ='Presupuesto 2026 '!B8 -> UNIDAD
B12: I. EQUIPOS/HERRAMIENTAS A SUMINISTRAR
B13: No. ART. | C13: DESCRIPCION | G13: UNIDAD | H13: CANTIDAD | I13: VR. UNIT. | K13: VR. PARCIAL
B14: 1 | K14: =J14*H14 -> 0
K15: =J15*H15 -> 0
C16: SUBTOTAL EQUIPOS/HERRAMIENTAS | K16: =SUM(K14:K15) -> 0
C17: VALOR REDONDEADO SUBTOTAL EQUIPOS Y HERRAMIENTAS | K17: =K16 -> 0
B19: II. MATERIALES E INSUMOS
B20: No. ART. | C20: DESCRIPCION | G20: UNID. | H20: CANT. | J20: VR. UNIT. | K20: VR. PARCIAL
C21: Lamina Galvaniza calibre 18 | G21: UNID. | H21: 4 | K21: =+J21*H21 -> 0
C22: Accesorios: tornillo 7/16 *1" con turca y arandela | G22: UNID. | H22: 36 | K22: =J22*H22 -> 0
C23: Codo 2 " Pvc | G23: UNID. | H23: 1 | K23: =J23*H23 -> 0
C24: Flanche 2" PVC | G24: UNID. | H24: 1 | K24: =J24*H24 -> 0
C25: llave de paso de 2 " | G25: UNID. | H25: 1 | K25: =J25*H25 -> 0
C26: Tubo de presión de 2 " RDE-21 x 2 mt ext liso | G26: UNID. | H26: 1 | K26: =J26*H26 -> 0
C27: Adaptador macho 2 " PVC | G27: UNID. | H27: 1 | K27: =J27*H27 -> 0
C28: Adaptador hembra 2 " PVC | G28: UNID. | H28: 1 | K28: =J28*H28 -> 0
C29: geomebrana en PVC o PEAD | G29: Metros | H29: 20 | K29: =J29*H29 -> 0
C31: SUBTOTAL MATERIALES E INSUMOS | K31: =SUM(K21:K30) -> 0
C32: VALOR REDONDEADO SUBTOTAL MATERIALES E INSUMOS | K32: =K31 -> 0
B34: III. TRANSPORTE
B35: No. ART. | C35: DESCRIPCION | F35: CANT. | G35: UNID. | H35: KM. | I35: PRECIO/KM | K35: VR. PARCIAL
B36: 1 | C36: Transporte de materiales al sitio de instalación | F36: 1 | G36: UNID. | H36: 1 | K36: =(I36*H36) -> 0
C38: SUBTOTAL TRANSPORTE | K38: =SUM(K36:K37) -> 0
C39: VALOR REDONDEADO SUBTOTAL TRANSPORTE | K39: =ROUND(K38,0) -> 0
B41: IV. MANO DE OBRA
B42: No. ART. | C42: DESCRIPCION | F42: CANT. | G42: UNID. | H42: Valor unidad | I42: %. PREST. | J42: P.UNIT | K42: VR. PARCIAL
B43: 1 | C43: Profesional ingeniero civil o afines | F43: 1 | G43: Actividad | J43: =H43 -> 0 | K43: =J43*F43 -> 0
B44: 2 | C44: Mano de Obra calificada | F44: 1 | G44: Actividad | J44: =H44*F44 -> 0 | K44: =J44*F44 -> 0
B45: 3 | C45: Mano de Obra no Calificada | F45: 1 | G45: Actividad | J45: =H45 -> 0 | K45: =J45 -> 0
C46: SUBTOTAL MANO DE OBRA | K46: =SUM(K43:K45) -> 0
C47: VALOR REDONDEADO SUBTOTAL MANO DE OBRA | K47: =K46 -> 0
C49: TOTAL COSTO DIRECTO | K49: =K47+K39+K32+K17 -> 0
B51: Vobo
B52: La actividad se realizara en los municipio descritos por el proyecto.

Sheet 2. Apoyo Canalización 
B6: ANÁLISIS DE PRECIOS UNITARIOS
B8: PROYECTO: | D8: ='Presupuesto 2026 '!A1 -> APOYO PARA EL FORTALECIMIENTO DE LOS ACTIVOS PRODUCTIVOS RURALES DEL DEPARTAMENTO DE SANTANDER
B9: CAPITULO: | C9: 2 | D9: ='Presupuesto 2026 '!A9 -> 2. Apoyo al sector Tabacalero con suministro e instalación de sistema de canalización de aguas. | K9: UNIDAD
B10: ITEM: | C10: 2 | K10: Actividad
B12: I. EQUIPOS/HERRAMIENTAS A SUMINISTRAR
B13: No. ART. | C13: DESCRIPCION | G13: UNIDAD | H13: CANTIDAD | I13: VR. UNIT. | K13: VR. PARCIAL
K14: =I14*H14 -> 0
K15: =I15*H15 -> 0
C16: SUBTOTAL EQUIPOS/HERRAMIENTAS | K16: =SUM(K14:K15) -> 0
C17: VALOR REDONDEADO SUBTOTAL EQUIPOS Y HERRAMIENTAS | K17: =K16 -> 0
B19: II. MATERIALES E INSUMOS
B20: No. ART. | C20: DESCRIPCION | G20: UNID. | H20: CANT. | J20: VR. UNIT. | K20: VR. PARCIAL
B21: 1 | C21: 1 metro de canal en Lamina galvanizada Calibre 26 | G21: metros | H21: 6 | K21: =+J21*H21 -> 0
B22: 2 | C22: ganchos para canal en lamina galvanizada | G22: unidad | H22: 42 | K22: =+J22*H22 -> 0
B23: 3 | C23: Rejilla Sosco de 3" | G23: unidad | H23: 6 | K23: =+J23*H23 -> 0
B24: 4 | C24: tapa canal en lamina | G24: unidad | H24: 12 | K24: =J24*H24 -> 0
B25: 5 | C25: Codo de 3 " | G25: unidad | H25: 2 | K25: =J25*H25 -> 0
B26: 6 | C26: Tubo de ventilacion sanitario de 3" x 6 mt | G26: unidad | H26: 1 | K26: =J26*H26 -> 0
C27: SUB TOTAL DE MATERIALES E INSUMOS | K27: =SUM(K21:K26) -> 0
C28: VALOR REDONDEADO SUBTOTAL MATERIALES E INSUMOS | K28: =K27 -> 0
B30: III. TRANSPORTE
B31: No. ART. | C31: DESCRIPCION | F31: CANT. | G31: UNID. | H31: KM. | I31: PRECIO/KM | K31: VR. PARCIAL
B32: 1 | C32: transporte de los insumos a sitio de instalación | F32: 1 | G32: UNID. | H32: 1 | K32: =(I32*H32) -> 0
C34: SUBTOTAL TRANSPORTE | K34: =SUM(K32:K33) -> 0
C35: VALOR REDONDEADO SUBTOTAL TRANSPORTE | K35: =ROUND(K34,0) -> 0
B37: IV. MANO DE OBRA
B38: No. ART. | C38: DESCRIPCION | F38: CANT. | G38: UNID. | H38: Valor unidad | I38: %. PREST. | J38: P.UNIT | K38: VR. PARCIAL
B39: 1 | C39: mano de obra calificado ( maestro) | F39: 1 | G39: actividad | I39: 0 | J39: =H39 -> 0 | K39: =J39*F39 -> 0
K40: =J40*F40 -> 0
C42: SUBTOTAL MANO DE OBRA | K42: =SUM(K39:K41) -> 0
C43: VALOR REDONDEADO SUBTOTAL MANO DE OBRA | K43: =K42 -> 0
C45: TOTAL COSTO DIRECTO | K45: =K43+K35+K28+K17 -> 0
B47: Vobo
C49: La actividad se realizara en los municipio descritos por el proyecto.

Sheet Hoja1
